Bears vs Marlies

Created - Wednesday, October 08, 2014 at 22:30

Goals
1 2 3 OT1 SO T
Bears 1 0 0 0 1 1
Marlies 1 0 0 0 2 2
Shots
1 2 3 OT1 SO T
Bears 14 5 10 2 5 31
Marlies 6 11 5 2 5 24

1st period

1. Bears , Matt Taormina 1 (Maxime Macenauer) at 1:04 (PP)
2. Marlies , Matt Dumba 1 (Rich Clune, Nicolas Deschamps) at 14:16

Penalties :
Jarred Tinordi (TOR) for Slashing (Minor) at 0:15, Erick Lizon (Her) for Slashing (Minor) at 1:22, Rich Clune (TOR) for Delaying the game (Minor) at 5:27, Erick Lizon (Her) for Diving (Minor) at 9:02, Chris Bruton (Her) for Holding (Minor) at 15:13, Jarred Tinordi (TOR) for Fighting (Major) at 18:16, David Dziurzynski (Her) for Fighting (Major) at 18:16, George Parros (TOR) for Hooking (Minor) at 19:40

2nd period

No Goal

Penalties :
Sheldon Brookbank (TOR) for Fighting (Major) at 2:10, Shawn O'Donnell (Her) for Fighting (Major) at 2:10, Sheldon Brookbank (TOR) for instigated a fight (Minor) at 2:10, Sheldon Brookbank (TOR) for instigated a fight (10 Minutes Misconduct) at 2:10, Eric Neilson (Her) for Cross-checking (Minor) at 8:29, Patrice Cormier (Her) for Slashing (Minor) at 13:21, George Parros (TOR) for Fighting (Major) at 19:51, Kevin Henderson (Her) for Fighting (Major) at 19:51

3rd period

No Goal

Penalties :
Shawn O'Donnell (Her) for Elbowing (Minor) at 5:06, Eric Neilson (Her) for Hooking (Minor) at 11:57, Sheldon Brookbank (TOR) for Boarding (Minor) at 15:11, Joel Armia (TOR) for Hooking (Minor) at 17:35

Overtime #1

No Goal

Penalties :
Brett Sutter (Her) for Hooking (Minor) at 0:35

Shootout

Penalty Shot by Tyler Brown for Bears - Goal!
Penalty Shot by Sheldon Brookbank for Marlies - Goal!
Penalty Shot by Patrice Cormier for Bears - Shot Misses the Net
Penalty Shot by Colton Gillies for Marlies - Stopped by John Gibson
Penalty Shot by Maxime Macenauer for Bears - Stopped by Scott Clemmensen
Penalty Shot by Shane Prince for Marlies - Stopped by John Gibson
Penalty Shot by David Dziurzynski for Bears - Stopped by Scott Clemmensen
Penalty Shot by George Parros for Marlies - Stopped by John Gibson
Penalty Shot by Kevin Henderson for Bears - Shot Misses the Net
Penalty Shot by Rich Clune for Marlies - Goal!

Penalties :
No Penalty

Goalie Stats

John Gibson (Her), 23 saves from 24 shots - (0.958), OTL, 0-0-2, 65:00 minutes
Scott Clemmensen (TOR), 30 saves from 31 shots - (0.968), W, 1-0-1, 65:00 minutes

Players Stats for Bears

Player Name              G  A  P  +/- PIM S  H  SB GA TA FO     MP     PP MP  PK MP  
------------------------------------------------------------------------------------
Ben Youds                0  0  0  -1  0   0  0  0  2  0  0/0    12:58   0:00   0:00 
Brad Mills               0  0  0   0  0   0  0  0  1  0  3/6    13:44   3:32   5:44 
Brett Clark              0  0  0   0  0   2  4  1  2  6  0/0    28:13   6:08   9:41 
Brett Sutter             0  0  0   0  2   0  1  0  0  0  5/16   14:46   0:00   2:28 
Chris Bruton             0  0  0   0  2   0  0  0  0  0  1/2     6:40   0:00   0:00 
David Dziurzynski        0  0  0   0  5   2  2  0  1  0  0/1    16:20   3:11   3:18 
Eric Neilson             0  0  0  -1  4   0  1  0  0  0  0/0    12:21   0:58   0:00 
Erick Lizon              0  0  0   0  4   0  2  0  1  2  1/1    15:59   5:09   0:00 
Harry Young              0  0  0   0  0   0  0  0  0  0  0/0     3:27   0:00   0:00 
Kevin Henderson          0  0  0  -1  5   4  0  0  1  0  4/8    20:16   6:31   1:36 
Mark Cundari             0  0  0  -1  0   3  1  0  1  0  0/0    12:58   0:00   0:00 
Mark Flood               0  0  0   0  0   6  2  0  2  0  0/0    23:48   4:36   6:11 
Matt Taormina            1  0  1   0  0   6  0  0  0  3  0/0    23:48   4:36   6:11 
Maxime Macenauer         0  1  1   0  0   0  1  0  6  0  8/11   23:54   5:09   4:39 
Patrice Cormier          0  0  0   0  2   5  0  0  6  0  1/2    23:46   5:28   7:41 
Shawn O'Donnell          0  0  0   0  7   1  1  0  2  1  0/0    10:51   0:00   2:52 
Stefan Elliott           0  0  0   0  0   2  1  1  5  1  0/0    24:46   6:08   9:41 
Tyler Brown              0  0  0  -1  0   0  0  0  1  0  2/5    15:17   2:14   1:27 

Players Stats for Marlies

Player Name              G  A  P  +/- PIM S  H  SB GA TA FO     MP     PP MP  PK MP  
------------------------------------------------------------------------------------
Andrew Yogan             0  0  0   0  0   1  1  0  0  0  3/4    15:04   0:23   0:29 
Austen Brassard          0  0  0   0  0   0  1  0  0  0  1/2    16:39   0:00   3:02 
Brendon Nash             0  0  0   0  0   2  1  0  0  2  0/0     9:01   0:00   1:39 
Colton Gillies           0  0  0   0  0   1  1  0  1  1  7/17   25:49   5:18   6:16 
Drew Schiestel           0  0  0   0  0   1  0  1  0  1  0/0    13:31   0:00   4:13 
George Parros            0  0  0   0  7   1  5  0  3  0  1/3    14:54   7:13   1:31 
Harrison Ruopp           0  0  0   0  0   1  0  0  0  1  0/0     7:12   0:00   0:20 
Jake Hansen              0  0  0   0  0   0  3  3  2  0  0/0    15:40   2:17   0:00 
Jarred Tinordi           0  0  0   0  7   4  2  1  4  4  0/0    22:54   8:14   3:50 
Jason Clark              0  0  0   0  0   0  0  0  1  2  2/2     7:48   0:25   0:00 
Joel Armia               0  0  0   1  2   1  1  0  2  3  0/1    15:53   6:40   0:00 
Matt Dumba               1  0  1   1  0   9  1  1  4  0  0/0    24:29   5:43   3:53 
Morgan Ellis             0  0  0   0  0   0  0  0  1  1  0/0    12:59   2:06   0:00 
Nicolas Deschamps        0  1  1   1  0   0  0  0  0  0  5/10   16:21   6:36   0:00 
Rich Clune               0  1  1   1  2   2  6  1  2  0  0/0    20:25   5:55   2:44 
Scott Harrington         0  0  0   1  0   0  2  4  0  0  0/0    23:15   5:39   3:33 
Shane Prince             0  0  0   0  0   0  1  1  2  1  8/13   25:04   6:52   7:26 
Sheldon Brookbank        0  0  0   0  19  1  0  2  1  2  0/0    22:15   6:04   4:10 

3 Stars

1 - Scott Clemmensen (TOR)
2 - John Gibson (Her)
3 - Matt Dumba (TOR)

Power Play

Bears - 1 on 6 Attempt(s) - 16.67%
Marlies - 0 on 8 Attempt(s) - 0.00%

Penalty Kill

Bears - 8 on 8 Attempt(s) - 100.00% - Score 0 goal in Penalty Kill
Marlies - 5 on 6 Attempt(s) - 83.33% - Score 0 goal in Penalty Kill

Official

Referees : Unknown
Linesman : Unknown

Game Notes

Jarred Tinordi beats up David Dziurzynski at 18:16 of 1st period
Sheldon Brookbank beats up Shawn O'Donnell at 2:10 of 2nd period
Brad Mills is injured at 17:17 of 2nd period (Bruised Left Foot)
George Parros and Kevin Henderson fight to a draw at 19:51 of 2nd period

Finance

Level 1 -- Attendance: 1443 (72.15%) -- Ticket Income $50,505
Level 2 -- Attendance: 762 (76.20%) -- Ticket Income $0
Total Attendance: 2205 (73.50%)
Total Ticket Income: $50,505
Other Income: $24,747
Total Income: $75,252

Bears

5 vs 5 Forward 
   Center                   Left Wing                Right Wing               Time % Phy DF OF 
 1 Brett Sutter             Patrice Cormier          Brad Mills               35     1   2  2  
 2 Maxime Macenauer         David Dziurzynski        Erick Lizon              30     1   2  2  
 3 Tyler Brown              Kevin Henderson          Eric Neilson             22     1   2  2  
 4 Chris Bruton             Shawn O'Donnell          Maxime Macenauer         13     1   2  2  

5 vs 5 Defense 
   Defense                  Defense                                           Time % Phy DF OF 
 1 Brett Clark              Stefan Elliott                                    35     1   2  2  
 2 Mark Flood               Matt Taormina                                     30     1   2  2  
 3 Mark Cundari             Ben Youds                                         22     1   2  2  
 4 Harry Young              Brett Clark                                       13     1   2  2  

PowerPlay Forward 
   Center                   Left Wing                Right Wing               Time % Phy DF OF 
 1 Kevin Henderson          Patrice Cormier          Brad Mills               60     1   2  2  
 2 Maxime Macenauer         David Dziurzynski        Erick Lizon              40     1   2  2  

PowerPlay Defense
   Defense                  Defense                                           Time % Phy DF OF 
 1 Brett Clark              Stefan Elliott                                    60     1   2  2  
 2 Mark Flood               Matt Taormina                                     40     1   2  2  

Penalty Kill 4 Players Forward 
   Center                   Wing                     Time % Phy DF OF 
 1 Brad Mills               Patrice Cormier          60     1   2  2  
 2 Maxime Macenauer         David Dziurzynski        40     1   2  2  

Penalty Kill 4 Players Defense
   Defense                  Defense                  Time % Phy DF OF 
 1 Brett Clark              Stefan Elliott           60     1   2  2  
 2 Mark Flood               Matt Taormina            40     1   2  2  

Penalty Kill - 3 Players Forward 
   Forward                                           Time % Phy DF OF 
 1 Maxime Macenauer                                  60     1   2  2  
 2 Patrice Cormier                                   40     1   2  2  

Penalty Kill - 3 Players Defense
   Defense                  Defense                  Time % Phy DF OF 
 1 Brett Clark              Stefan Elliott           60     1   2  2  
 2 Mark Flood               Matt Taormina            40     1   2  2  

4 vs 4 Forward 
   Center                   Wing                     Time % Phy DF OF 
 1 Brett Sutter             Patrice Cormier          60     1   2  2  
 2 Maxime Macenauer         David Dziurzynski        40     1   2  2  

4 vs 4 Defense
   Defense                  Defense                  Time % Phy DF OF 
 1 Brett Clark              Stefan Elliott           60     1   2  2  
 2 Mark Flood               Matt Taormina            40     1   2  2  

Last Minutes Offensive
   Center                   Left Wing                Right Wing               Defense                  Defense                  
   Brett Sutter             Patrice Cormier          Brad Mills               Brett Clark              Stefan Elliott           

Last Minutes Defensive
   Center                   Left Wing                Right Wing               Defense                  Defense                  
   Brett Sutter             Patrice Cormier          Brad Mills               Brett Clark              Stefan Elliott           

Goaltenders
Starting : John Gibson              
Backup : Cristopher Nilstorp      

Extra Forwards
Normal : Kevin Henderson, Tyler Brown, Shawn O'Donnell - PP : Kevin Henderson, Tyler Brown - PK : Shawn O'Donnell
Extra Defensemen
Normal : Mark Cundari, Ben Youds, Harry Young - PP : Mark Cundari - PK : Ben Youds, Harry Young
Penalty Shots
Tyler Brown, Patrice Cormier, Maxime Macenauer, David Dziurzynski, Kevin Henderson

Marlies

5 vs 5 Forward 
   Center                   Left Wing                Right Wing               Time % Phy DF OF 
 1 Shane Prince             Colton Gillies           George Parros            35     1   2  2  
 2 Nicolas Deschamps        Rich Clune               Joel Armia               30     1   2  2  
 3 Andrew Yogan             Sheldon Brookbank        Jake Hansen              22     1   2  2  
 4 Jason Clark              Colton Gillies           Austen Brassard          13     1   2  2  

5 vs 5 Defense 
   Defense                  Defense                                           Time % Phy DF OF 
 1 Jarred Tinordi           Sheldon Brookbank                                 35     1   2  2  
 2 Scott Harrington         Matt Dumba                                        30     1   2  2  
 3 Morgan Ellis             Drew Schiestel                                    22     1   2  2  
 4 Brendon Nash             Harrison Ruopp                                    13     1   2  2  

PowerPlay Forward 
   Center                   Left Wing                Right Wing               Time % Phy DF OF 
 1 Shane Prince             Colton Gillies           George Parros            60     1   2  2  
 2 Nicolas Deschamps        Rich Clune               Joel Armia               40     1   2  2  

PowerPlay Defense
   Defense                  Defense                                           Time % Phy DF OF 
 1 Jarred Tinordi           Sheldon Brookbank                                 60     1   2  2  
 2 Scott Harrington         Matt Dumba                                        40     1   2  2  

Penalty Kill 4 Players Forward 
   Center                   Wing                     Time % Phy DF OF 
 1 Colton Gillies           Shane Prince             60     1   2  2  
 2 George Parros            Rich Clune               40     1   2  2  

Penalty Kill 4 Players Defense
   Defense                  Defense                  Time % Phy DF OF 
 1 Jarred Tinordi           Sheldon Brookbank        60     1   2  2  
 2 Scott Harrington         Matt Dumba               40     1   2  2  

Penalty Kill - 3 Players Forward 
   Forward                                           Time % Phy DF OF 
 1 Colton Gillies                                    60     1   2  2  
 2 Shane Prince                                      40     1   2  2  

Penalty Kill - 3 Players Defense
   Defense                  Defense                  Time % Phy DF OF 
 1 Jarred Tinordi           Sheldon Brookbank        60     1   2  2  
 2 Scott Harrington         Matt Dumba               40     1   2  2  

4 vs 4 Forward 
   Center                   Wing                     Time % Phy DF OF 
 1 Colton Gillies           Shane Prince             60     1   2  2  
 2 George Parros            Rich Clune               40     1   2  2  

4 vs 4 Defense
   Defense                  Defense                  Time % Phy DF OF 
 1 Jarred Tinordi           Sheldon Brookbank        60     1   2  2  
 2 Scott Harrington         Matt Dumba               40     1   2  2  

Last Minutes Offensive
   Center                   Left Wing                Right Wing               Defense                  Defense                  
   Shane Prince             Colton Gillies           George Parros            Jarred Tinordi           Sheldon Brookbank        

Last Minutes Defensive
   Center                   Left Wing                Right Wing               Defense                  Defense                  
   Shane Prince             Colton Gillies           George Parros            Jarred Tinordi           Sheldon Brookbank        

Goaltenders
Starting : Scott Clemmensen         
Backup : Tyler Beskorowany        

Extra Forwards
Normal : Jake Hansen, Andrew Yogan, Austen Brassard - PP : Jake Hansen, Andrew Yogan - PK : Austen Brassard
Extra Defensemen
Normal : Morgan Ellis, Drew Schiestel, Brendon Nash - PP : Morgan Ellis - PK : Drew Schiestel, Brendon Nash
Penalty Shots
Sheldon Brookbank, Colton Gillies, Shane Prince, George Parros, Rich Clune

% Time on Ice - Bears

Lines # - Real PCT - Wanted PCT - Time Play
Normal Forward
1 - 27% - 35% - 9:37
2 - 29% - 30% - 10:10
3 - 26% - 22% - 9:02
4 - 19% - 13% - 6:34
Normal Defense
1 - 20% - 35% - 6:54
2 - 34% - 30% - 12:03
3 - 37% - 22% - 12:58
4 - 10% - 13% - 3:28
PP Forward
1 - 52% - 60% - 5:35
2 - 48% - 40% - 5:09
PP Defense
1 - 57% - 60% - 6:08
2 - 43% - 40% - 4:36
PK Forward
1 - 78% - 60% - 10:47
2 - 22% - 40% - 3:06
PK Defense
1 - 63% - 60% - 8:46
2 - 37% - 40% - 5:07
PK3 Forward
1 - 100% - 60% - 1:59
2 - 0% - 40% - 0:00
PK3 Defense
1 - 46% - 60% - 0:55
2 - 54% - 40% - 1:04
44 Forward
1 - 100% - 60% - 3:01
2 - 0% - 40% - 0:00
44 Defense
1 - 68% - 60% - 2:03
2 - 32% - 40% - 0:58
Last Minute Offensive  - 0:00
Last Minute Defensive  - 0:00
Total
Forward - 65:00
Defense - 65:00

% Time on Ice - Marlies

Lines # - Real PCT - Wanted PCT - Time Play
Normal Forward
1 - 21% - 35% - 7:36
2 - 29% - 30% - 10:18
3 - 28% - 22% - 10:05
4 - 21% - 13% - 7:24
Normal Defense
1 - 23% - 35% - 8:11
2 - 33% - 30% - 11:45
3 - 26% - 22% - 9:04
4 - 18% - 13% - 6:23
PP Forward
1 - 52% - 60% - 7:13
2 - 48% - 40% - 6:40
PP Defense
1 - 59% - 60% - 8:14
2 - 41% - 40% - 5:39
PK Forward
1 - 82% - 60% - 8:47
2 - 18% - 40% - 1:57
PK Defense
1 - 67% - 60% - 7:11
2 - 33% - 40% - 3:33
PK3 Forward
1 - 0% - 60%
2 - 0% - 40%
PK3 Defense
1 - 0% - 60%
2 - 0% - 40%
44 Forward
1 - 100% - 60% - 5:00
2 - 0% - 40% - 0:00
44 Defense
1 - 54% - 60% - 2:41
2 - 46% - 40% - 2:19
Last Minute Offensive  - 0:00
Last Minute Defensive  - 0:00
Total
Forward - 65:00
Defense - 65:00

Play by Play

1st period


0:01 of 1st period - Brett Sutter wins face-off versus George Parros in neutral zone.
0:15 of 1st period - Minor Penalty to Jarred Tinordi for Slashing.
0:16 of 1st period - Kevin Henderson wins face-off versus Colton Gillies in Marlies zone.
0:18 of 1st period - Slapshot by Brett Clark.
0:18 of 1st period - Stopped by Scott Clemmensen with a rebound.
0:20 of 1st period - Slapshot by Patrice Cormier.
0:20 of 1st period - Stopped by Scott Clemmensen with a rebound.
0:22 of 1st period - Slapshot by Brett Clark.
0:22 of 1st period - Shot Blocked by Drew Schiestel.
0:24 of 1st period - Slapshot by Brett Clark.
0:24 of 1st period - Deflect By Colton Gillies.
0:24 of 1st period - Stopped by Scott Clemmensen without a rebound.
0:25 of 1st period - Colton Gillies wins face-off versus Kevin Henderson in Marlies zone.
0:33 of 1st period - Off-side.
0:34 of 1st period - George Parros wins face-off versus Kevin Henderson in neutral zone.
0:37 of 1st period - Brett Clark is hit by George Parros and loses puck.
0:54 of 1st period - Wrist shot by Sheldon Brookbank.
0:54 of 1st period - Stopped by John Gibson with a rebound.
0:56 of 1st period - Snap shot by Colton Gillies.
0:56 of 1st period - Shot Misses the Net.
0:58 of 1st period - Slapshot by Drew Schiestel.
0:58 of 1st period - Stopped by John Gibson without a rebound.
0:59 of 1st period - Maxime Macenauer wins face-off versus Colton Gillies in Bears zone.
1:04 of 1st period - Slapshot by Matt Taormina.
1:04 of 1st period - Goal by Matt Taormina - Bears : 1 - Marlies : 0.
1:05 of 1st period - Nicolas Deschamps wins face-off versus Maxime Macenauer in neutral zone.
1:22 of 1st period - Minor Penalty to Erick Lizon for Slashing.
1:23 of 1st period - Shane Prince wins face-off versus Brad Mills in Bears zone.
1:37 of 1st period - Snap shot by Jarred Tinordi.
1:37 of 1st period - Shot Misses the Net.
2:13 of 1st period - Brett Clark is hit by Rich Clune.
2:31 of 1st period - Brad Mills is hit by Rich Clune and loses puck.
3:00 of 1st period - Brett Clark is hit by George Parros.
3:22 of 1st period - Penalty to Erick Lizon is over, Erick Lizon is back on ice.
3:54 of 1st period - Icing by Austen Brassard.
3:55 of 1st period - Jason Clark wins face-off versus Tyler Brown in Marlies zone.
4:00 of 1st period - Tyler Brown is hit by Colton Gillies and loses puck.
4:55 of 1st period - Slapshot by Matt Taormina.
4:55 of 1st period - Deflect By Maxime Macenauer.
4:55 of 1st period - Shot Blocked by Jake Hansen.
4:55 of 1st period - Puck is out of play.
4:56 of 1st period - Shane Prince wins face-off versus Brett Sutter in Marlies zone.
5:11 of 1st period - Wrist shot by Brad Mills.
5:11 of 1st period - Shot Blocked by Shane Prince.
5:27 of 1st period - Minor Penalty to Rich Clune for Delaying the game.
5:28 of 1st period - Colton Gillies wins face-off versus David Dziurzynski in Marlies zone.
5:51 of 1st period - Slapshot by Stefan Elliott.
5:51 of 1st period - Deflect By Maxime Macenauer.
5:51 of 1st period - Shot Misses the Net.
5:51 of 1st period - Puck is out of play.
5:52 of 1st period - Colton Gillies wins face-off versus Brad Mills in Marlies zone.
6:08 of 1st period - Off-side.
6:09 of 1st period - Colton Gillies wins face-off versus Kevin Henderson in neutral zone.
7:00 of 1st period - Wrist shot by David Dziurzynski.
7:00 of 1st period - Stopped by Scott Clemmensen without a rebound.
7:01 of 1st period - Kevin Henderson wins face-off versus George Parros in Marlies zone.
7:27 of 1st period - Penalty to Rich Clune is over, Rich Clune is back on ice.
7:48 of 1st period - Slapshot by Stefan Elliott.
7:48 of 1st period - Stopped by Scott Clemmensen with a rebound.
9:00 of 1st period - Rich Clune is hit by Mark Flood and loses puck.
9:02 of 1st period - Minor Penalty to Erick Lizon for Diving.
9:03 of 1st period - Nicolas Deschamps wins face-off versus Brad Mills in Bears zone.
9:06 of 1st period - Slapshot by Jarred Tinordi.
9:06 of 1st period - Shot Misses the Net.
9:08 of 1st period - Slapshot by Rich Clune.
9:08 of 1st period - Shot Hit the Post.
9:38 of 1st period - Slapshot by Matt Dumba.
9:38 of 1st period - Stopped by John Gibson with a rebound.
10:00 of 1st period - Slapshot by Jarred Tinordi.
10:00 of 1st period - Stopped by John Gibson with a rebound.
10:47 of 1st period - Sheldon Brookbank is hit by Brett Clark and loses puck.
11:02 of 1st period - Penalty to Erick Lizon is over, Erick Lizon is back on ice.
11:34 of 1st period - Slapshot by Matt Taormina.
11:34 of 1st period - Stopped by Scott Clemmensen without a rebound.
11:35 of 1st period - Andrew Yogan wins face-off versus Tyler Brown in Marlies zone.
12:22 of 1st period - Slapshot by Mark Flood.
12:22 of 1st period - Deflect By George Parros.
12:22 of 1st period - Stopped by Scott Clemmensen with a rebound.
12:24 of 1st period - Wrist shot by Shawn O'Donnell.
12:24 of 1st period - Stopped by Scott Clemmensen with a rebound.
12:42 of 1st period - Wrist shot by Patrice Cormier.
12:42 of 1st period - Stopped by Scott Clemmensen with a rebound.
12:46 of 1st period - Wrist shot by Brett Sutter.
12:46 of 1st period - Shot Misses the Net.
13:18 of 1st period - Sheldon Brookbank is hit by Erick Lizon.
14:16 of 1st period - Slapshot by Matt Dumba.
14:16 of 1st period - Goal by Matt Dumba - Bears : 1 - Marlies : 1.
14:17 of 1st period - Andrew Yogan wins face-off versus Brett Sutter in neutral zone.
15:13 of 1st period - Minor Penalty to Chris Bruton for Holding.
15:14 of 1st period - Brad Mills wins face-off versus Nicolas Deschamps in Bears zone.
16:04 of 1st period - Brett Clark is hit by Matt Dumba.
17:13 of 1st period - Penalty to Chris Bruton is over, Chris Bruton is back on ice.
17:41 of 1st period - Wrist shot by Kevin Henderson.
17:41 of 1st period - Stopped by Scott Clemmensen with a rebound.
17:43 of 1st period - Wrist shot by Mark Flood.
17:43 of 1st period - Stopped by Scott Clemmensen with a rebound.
17:45 of 1st period - Wrist shot by Tyler Brown.
17:45 of 1st period - Shot Misses the Net.
17:47 of 1st period - Wrist shot by Tyler Brown.
17:47 of 1st period - Shot Blocked by Jake Hansen.
17:49 of 1st period - Wrist shot by Mark Flood.
17:49 of 1st period - Shot Misses the Net.
17:51 of 1st period - Slapshot by Matt Taormina.
17:51 of 1st period - Stopped by Scott Clemmensen with a rebound.
18:10 of 1st period - Snap shot by David Dziurzynski.
18:10 of 1st period - Stopped by Scott Clemmensen with a rebound.
18:12 of 1st period - Wrist shot by Ben Youds.
18:12 of 1st period - Shot Misses the Net.
18:16 of 1st period - Jarred Tinordi beats up David Dziurzynski.
18:16 of 1st period - Penalty to Jarred Tinordi for Fighting.
18:16 of 1st period - Penalty to David Dziurzynski for Fighting.
18:17 of 1st period - Maxime Macenauer wins face-off versus Nicolas Deschamps in Marlies zone.
18:48 of 1st period - Snap shot by Rich Clune.
18:48 of 1st period - Stopped by John Gibson with a rebound.
18:56 of 1st period - Icing by Joel Armia.
18:57 of 1st period - Patrice Cormier wins face-off versus Nicolas Deschamps in Marlies zone.
19:40 of 1st period - Minor Penalty to George Parros for Hooking.
19:41 of 1st period - Kevin Henderson wins face-off versus Colton Gillies in Marlies zone.
19:55 of 1st period - Slapshot by Maxime Macenauer.
19:55 of 1st period - Shot Misses the Net.
Goals for this period are 1 for Bears vs 1 for Marlies.
Shots for this period are 14 for Bears vs 6 for Marlies.

2nd period


0:01 of 2nd period - Kevin Henderson wins face-off versus Colton Gillies in neutral zone.
0:04 of 2nd period - Snap shot by Brett Clark.
0:04 of 2nd period - Shot Misses the Net.
1:36 of 2nd period - Snap shot by Patrice Cormier.
1:36 of 2nd period - Shot Blocked by Scott Harrington.
1:38 of 2nd period - Slapshot by Mark Flood.
1:38 of 2nd period - Stopped by Scott Clemmensen with a rebound.
1:40 of 2nd period - Penalty to George Parros is over, George Parros is back on ice.
2:08 of 2nd period - Ben Youds is hit by Jake Hansen and loses puck.
2:10 of 2nd period - Sheldon Brookbank beats up Shawn O'Donnell.
2:10 of 2nd period - Penalty to Sheldon Brookbank for Fighting.
2:10 of 2nd period - Penalty to Shawn O'Donnell for Fighting.
2:10 of 2nd period - Penalty to Sheldon Brookbank for instigated a fight.
2:10 of 2nd period - Penalty to Sheldon Brookbank for instigated a fight.
2:11 of 2nd period - Maxime Macenauer wins face-off versus Colton Gillies in Bears zone.
3:16 of 2nd period - Penalty to Jarred Tinordi is over, Jarred Tinordi is back on ice.
3:19 of 2nd period - Matt Dumba is hit by Maxime Macenauer.
3:25 of 2nd period - Slapshot by Maxime Macenauer.
3:25 of 2nd period - Deflect By Erick Lizon.
3:25 of 2nd period - Shot Misses the Net.
3:25 of 2nd period - Puck is out of play.
3:26 of 2nd period - Maxime Macenauer wins face-off versus Colton Gillies in Marlies zone.
4:03 of 2nd period - Slapshot by Matt Taormina.
4:03 of 2nd period - Shot Blocked by Jarred Tinordi.
4:05 of 2nd period - Snap shot by Mark Flood.
4:05 of 2nd period - Deflect By Jarred Tinordi.
4:05 of 2nd period - Stopped by Scott Clemmensen with a rebound.
4:07 of 2nd period - Snap shot by David Dziurzynski.
4:07 of 2nd period - Shot Misses the Net.
4:10 of 2nd period - Penalty to Sheldon Brookbank is over, Austen Brassard is send on ice.
6:27 of 2nd period - Morgan Ellis is hit by Brett Sutter and loses puck.
6:32 of 2nd period - Snap shot by David Dziurzynski.
6:32 of 2nd period - Shot Misses the Net.
7:08 of 2nd period - Off-side.
7:09 of 2nd period - Jason Clark wins face-off versus Chris Bruton in neutral zone.
7:14 of 2nd period - Backhand shot by Colton Gillies.
7:14 of 2nd period - Shot Misses the Net.
7:16 of 2nd period - Snap shot by Jarred Tinordi.
7:16 of 2nd period - Shot Misses the Net.
7:18 of 2nd period - Slapshot by Jarred Tinordi.
7:18 of 2nd period - Shot Misses the Net.
7:48 of 2nd period - Shane Prince is hit by Brett Clark and loses puck.
8:11 of 2nd period - Slapshot by Jarred Tinordi.
8:11 of 2nd period - Stopped by John Gibson with a rebound.
8:13 of 2nd period - Snap shot by Matt Dumba.
8:13 of 2nd period - Stopped by John Gibson without a rebound.
8:14 of 2nd period - Nicolas Deschamps wins face-off versus Tyler Brown in Bears zone.
8:15 of 2nd period - Snap shot by Matt Dumba.
8:15 of 2nd period - Stopped by John Gibson with a rebound.
8:17 of 2nd period - Slapshot by Harrison Ruopp.
8:17 of 2nd period - Deflect By Matt Taormina.
8:17 of 2nd period - Stopped by John Gibson with a rebound.
8:29 of 2nd period - Minor Penalty to Eric Neilson for Cross-checking.
8:30 of 2nd period - Brad Mills wins face-off versus Shane Prince in Bears zone.
9:07 of 2nd period - Snap shot by Brad Mills.
9:07 of 2nd period - Deflect By Patrice Cormier.
9:07 of 2nd period - Stopped by Scott Clemmensen with a rebound.
9:15 of 2nd period - Patrice Cormier is hit by Scott Harrington and loses puck.
9:55 of 2nd period - Mark Flood is hit by George Parros and loses puck.
10:20 of 2nd period - Morgan Ellis is hit by Mark Flood and loses puck.
10:29 of 2nd period - Penalty to Eric Neilson is over, Eric Neilson is back on ice.
10:38 of 2nd period - Andrew Yogan is hit by Shawn O'Donnell and loses puck.
10:55 of 2nd period - Maxime Macenauer is hit by Andrew Yogan and loses puck.
12:20 of 2nd period - Brett Clark is hit by Rich Clune and loses puck.
13:08 of 2nd period - Jarred Tinordi is hit by Erick Lizon and loses puck.
13:21 of 2nd period - Minor Penalty to Patrice Cormier for Slashing.
13:22 of 2nd period - Brad Mills wins face-off versus Shane Prince in Bears zone.
14:19 of 2nd period - Kevin Henderson is hit by George Parros and loses puck.
14:48 of 2nd period - Slapshot by Jarred Tinordi.
14:48 of 2nd period - Stopped by John Gibson with a rebound.
15:04 of 2nd period - Brad Mills is hit by George Parros and loses puck.
15:21 of 2nd period - Penalty to Patrice Cormier is over, Patrice Cormier is back on ice.
15:28 of 2nd period - Off-side.
15:29 of 2nd period - Maxime Macenauer wins face-off versus Shane Prince in neutral zone.
15:50 of 2nd period - Slapshot by Brendon Nash.
15:50 of 2nd period - Stopped by John Gibson with a rebound.
15:52 of 2nd period - Slapshot by Andrew Yogan.
15:52 of 2nd period - Shot Misses the Net.
15:54 of 2nd period - Snap shot by Jake Hansen.
15:54 of 2nd period - Shot Misses the Net.
15:56 of 2nd period - Slapshot by Andrew Yogan.
15:56 of 2nd period - Stopped by John Gibson with a rebound.
15:58 of 2nd period - Slapshot by Brendon Nash.
15:58 of 2nd period - Stopped by John Gibson with a rebound.
16:17 of 2nd period - Wrist shot by Colton Gillies.
16:17 of 2nd period - Shot Misses the Net.
16:19 of 2nd period - Backhand shot by Colton Gillies.
16:19 of 2nd period - Stopped by John Gibson with a rebound.
16:42 of 2nd period - Snap shot by Brett Clark.
16:42 of 2nd period - Shot Blocked by Scott Harrington.
16:44 of 2nd period - Backhand shot by Kevin Henderson.
16:44 of 2nd period - Shot Misses the Net.
17:10 of 2nd period - 10 Minutes Misconduct Penalty to Sheldon Brookbank is over.
17:16 of 2nd period - Brad Mills is hit by Shane Prince.
17:17 of 2nd period - Brad Mills from Bears is injured at 17:17 of 2nd period (Bruised Left Foot).
17:18 of 2nd period - Shane Prince wins face-off versus Brett Sutter in Bears zone.
17:23 of 2nd period - Wrist shot by George Parros.
17:23 of 2nd period - Stopped by John Gibson without a rebound.
17:24 of 2nd period - Brett Sutter wins face-off versus Shane Prince in Bears zone.
17:29 of 2nd period - Snap shot by Stefan Elliott.
17:29 of 2nd period - Stopped by Scott Clemmensen without a rebound.
17:30 of 2nd period - Shane Prince wins face-off versus Brett Sutter in Marlies zone.
18:17 of 2nd period - Patrice Cormier is hit by Rich Clune and loses puck.
19:47 of 2nd period - Snap shot by Matt Dumba.
19:47 of 2nd period - Deflect By Matt Taormina.
19:47 of 2nd period - Stopped by John Gibson without a rebound.
19:48 of 2nd period - Tyler Brown wins face-off versus Shane Prince in Bears zone.
19:48 of 2nd period - Tyler Brown is hit by Brendon Nash.
19:51 of 2nd period - George Parros and Kevin Henderson fight to a draw.
19:51 of 2nd period - Penalty to George Parros for Fighting.
19:51 of 2nd period - Penalty to Kevin Henderson for Fighting.
19:52 of 2nd period - Brett Sutter wins face-off versus Joel Armia in neutral zone.
19:55 of 2nd period - Snap shot by Patrice Cormier.
19:55 of 2nd period - Stopped by Scott Clemmensen without a rebound.
19:56 of 2nd period - Nicolas Deschamps wins face-off versus Brett Sutter in Marlies zone.
Goals for this period are 0 for Bears vs 0 for Marlies.
Shots for this period are 5 for Bears vs 11 for Marlies.

3rd period


0:01 of 3rd period - Shane Prince wins face-off versus Brett Sutter in neutral zone.
0:04 of 3rd period - Slapshot by Jarred Tinordi.
0:04 of 3rd period - Deflect By Brett Clark.
0:04 of 3rd period - Stopped by John Gibson with a rebound.
0:53 of 3rd period - Jarred Tinordi is hit by David Dziurzynski and loses puck.
1:15 of 3rd period - Matt Taormina is hit by Rich Clune and loses puck.
2:05 of 3rd period - Slapshot by Mark Cundari.
2:05 of 3rd period - Deflect By Shane Prince.
2:05 of 3rd period - Stopped by Scott Clemmensen with a rebound.
2:09 of 3rd period - Wrist shot by Brett Sutter.
2:09 of 3rd period - Shot Misses the Net.
2:11 of 3rd period - Slapshot by Ben Youds.
2:11 of 3rd period - Shot Misses the Net.
2:13 of 3rd period - Slapshot by Ben Youds.
2:13 of 3rd period - Deflect By Patrice Cormier.
2:13 of 3rd period - Stopped by Scott Clemmensen with a rebound.
2:15 of 3rd period - Backhand shot by Ben Youds.
2:15 of 3rd period - Shot Blocked by Jake Hansen.
2:17 of 3rd period - Slapshot by Mark Cundari.
2:17 of 3rd period - Stopped by Scott Clemmensen with a rebound.
2:44 of 3rd period - Patrice Cormier is hit by Joel Armia and loses puck.
3:44 of 3rd period - Snap shot by Tyler Brown.
3:44 of 3rd period - Shot Misses the Net.
3:46 of 3rd period - Slapshot by Mark Flood.
3:46 of 3rd period - Stopped by Scott Clemmensen without a rebound.
3:47 of 3rd period - Tyler Brown wins face-off versus Nicolas Deschamps in Marlies zone.
5:06 of 3rd period - Minor Penalty to Shawn O'Donnell for Elbowing.
5:07 of 3rd period - Shane Prince wins face-off versus Brett Sutter in Bears zone.
5:41 of 3rd period - Slapshot by Matt Dumba.
5:41 of 3rd period - Stopped by John Gibson with a rebound.
5:43 of 3rd period - Wrist shot by Nicolas Deschamps.
5:43 of 3rd period - Shot Misses the Net.
5:45 of 3rd period - Slapshot by Matt Dumba.
5:45 of 3rd period - Shot Misses the Net.
5:59 of 3rd period - Tyler Brown is hit by Scott Harrington and loses puck.
7:06 of 3rd period - Penalty to Shawn O'Donnell is over, Shawn O'Donnell is back on ice.
7:44 of 3rd period - Maxime Macenauer is hit by Jake Hansen and loses puck.
8:18 of 3rd period - Mark Flood is hit by Austen Brassard and loses puck.
8:25 of 3rd period - Snap shot by Kevin Henderson.
8:25 of 3rd period - Shot Misses the Net.
8:27 of 3rd period - Wrist shot by Kevin Henderson.
8:27 of 3rd period - Stopped by Scott Clemmensen with a rebound.
8:29 of 3rd period - Snap shot by Kevin Henderson.
8:29 of 3rd period - Shot Misses the Net.
10:26 of 3rd period - Scott Harrington is hit by Eric Neilson and loses puck.
10:49 of 3rd period - Morgan Ellis is hit by Mark Cundari and loses puck.
11:14 of 3rd period - Snap shot by Matt Taormina.
11:14 of 3rd period - Shot Misses the Net.
11:50 of 3rd period - Wrist shot by Rich Clune.
11:50 of 3rd period - Stopped by John Gibson with a rebound.
11:52 of 3rd period - Slapshot by Joel Armia.
11:52 of 3rd period - Stopped by John Gibson without a rebound.
11:53 of 3rd period - Chris Bruton wins face-off versus Nicolas Deschamps in Bears zone.
11:57 of 3rd period - Minor Penalty to Eric Neilson for Hooking.
11:58 of 3rd period - Nicolas Deschamps wins face-off versus Brett Sutter in Bears zone.
12:32 of 3rd period - Stefan Elliott is hit by Jarred Tinordi and loses puck.
13:05 of 3rd period - Joel Armia is hit by Stefan Elliott.
13:25 of 3rd period - Slapshot by Matt Dumba.
13:25 of 3rd period - Deflect By Shane Prince.
13:25 of 3rd period - Shot Misses the Net.
13:25 of 3rd period - Puck is out of play.
13:26 of 3rd period - Shane Prince wins face-off versus Maxime Macenauer in Bears zone.
13:57 of 3rd period - Penalty to Eric Neilson is over, Eric Neilson is back on ice.
14:53 of 3rd period - Snap shot by Brett Sutter.
14:53 of 3rd period - Shot Misses the Net.
15:11 of 3rd period - Minor Penalty to Sheldon Brookbank for Boarding.
15:12 of 3rd period - Maxime Macenauer wins face-off versus Colton Gillies in Marlies zone.
15:45 of 3rd period - Matt Dumba is hit by Brett Clark.
16:28 of 3rd period - Off-side.
16:29 of 3rd period - Maxime Macenauer wins face-off versus Andrew Yogan in neutral zone.
17:11 of 3rd period - Penalty to Sheldon Brookbank is over, Sheldon Brookbank is back on ice.
17:19 of 3rd period - Backhand shot by Matt Dumba.
17:19 of 3rd period - Stopped by John Gibson with a rebound.
17:27 of 3rd period - Slapshot by Mark Cundari.
17:27 of 3rd period - Stopped by Scott Clemmensen with a rebound.
17:29 of 3rd period - Slapshot by Mark Cundari.
17:29 of 3rd period - Shot Blocked by Rich Clune.
17:35 of 3rd period - Minor Penalty to Joel Armia for Hooking.
17:36 of 3rd period - Colton Gillies wins face-off versus Maxime Macenauer in Marlies zone.
17:42 of 3rd period - Icing by Maxime Macenauer.
17:43 of 3rd period - Erick Lizon wins face-off versus Colton Gillies in Bears zone.
17:52 of 3rd period - Slapshot by Matt Taormina.
17:52 of 3rd period - Stopped by Scott Clemmensen with a rebound.
18:14 of 3rd period - Backhand shot by Matt Taormina.
18:14 of 3rd period - Shot Blocked by Sheldon Brookbank.
18:16 of 3rd period - Slapshot by Patrice Cormier.
18:16 of 3rd period - Shot Blocked by Sheldon Brookbank.
18:18 of 3rd period - Snap shot by Patrice Cormier.
18:18 of 3rd period - Shot Misses the Net.
18:20 of 3rd period - Wrist shot by Tyler Brown.
18:20 of 3rd period - Deflect By Jarred Tinordi.
18:20 of 3rd period - Shot Misses the Net.
18:20 of 3rd period - Puck is out of play.
18:21 of 3rd period - Austen Brassard wins face-off versus Patrice Cormier in Marlies zone.
18:42 of 3rd period - Stefan Elliott is hit by Rich Clune and loses puck.
19:00 of 3rd period - Matt Dumba is hit by David Dziurzynski and loses puck.
19:11 of 3rd period - Shane Prince is hit by Brett Clark and loses puck.
19:24 of 3rd period - Wrist shot by Kevin Henderson.
19:24 of 3rd period - Stopped by Scott Clemmensen with a rebound.
19:35 of 3rd period - Penalty to Joel Armia is over, Joel Armia is back on ice.
19:38 of 3rd period - Snap shot by Kevin Henderson.
19:38 of 3rd period - Stopped by Scott Clemmensen with a rebound.
19:40 of 3rd period - Slapshot by Matt Taormina.
19:40 of 3rd period - Shot Blocked by Scott Harrington.
19:42 of 3rd period - Snap shot by Tyler Brown.
19:42 of 3rd period - Shot Misses the Net.
19:46 of 3rd period - Wrist shot by Matt Taormina.
19:46 of 3rd period - Stopped by Scott Clemmensen without a rebound.
19:47 of 3rd period - Andrew Yogan wins face-off versus Kevin Henderson in Marlies zone.
Goals for this period are 0 for Bears vs 0 for Marlies.
Shots for this period are 10 for Bears vs 5 for Marlies.

Overtime #1


0:01 of 1st overtime period - Brett Sutter wins face-off versus Colton Gillies in neutral zone.
0:16 of 1st overtime period - Slapshot by Jarred Tinordi.
0:16 of 1st overtime period - Deflect By Colton Gillies.
0:16 of 1st overtime period - Shot Blocked by Brett Clark.
0:16 of 1st overtime period - Puck is out of play.
0:17 of 1st overtime period - Colton Gillies wins face-off versus Brett Sutter in Bears zone.
0:35 of 1st overtime period - Minor Penalty to Brett Sutter for Hooking.
0:36 of 1st overtime period - Maxime Macenauer wins face-off versus Colton Gillies in Bears zone.
0:57 of 1st overtime period - Slapshot by Shane Prince.
0:57 of 1st overtime period - Shot Misses the Net.
2:29 of 1st overtime period - Shawn O'Donnell is hit by Jake Hansen and loses puck.
2:34 of 1st overtime period - Slapshot by Matt Dumba.
2:34 of 1st overtime period - Stopped by John Gibson without a rebound.
2:35 of 1st overtime period - Penalty to Brett Sutter is over, Brett Sutter is back on ice.
2:35 of 1st overtime period - Shane Prince wins face-off versus Brett Sutter in Bears zone.
2:42 of 1st overtime period - Snap shot by Matt Dumba.
2:42 of 1st overtime period - Stopped by John Gibson without a rebound.
2:43 of 1st overtime period - Colton Gillies wins face-off versus Brett Sutter in Bears zone.
2:44 of 1st overtime period - Snap shot by Matt Dumba.
2:44 of 1st overtime period - Shot Blocked by Stefan Elliott.
2:54 of 1st overtime period - Wrist shot by Shane Prince.
2:54 of 1st overtime period - Shot Misses the Net.
3:41 of 1st overtime period - Slapshot by Matt Taormina.
3:41 of 1st overtime period - Stopped by Scott Clemmensen without a rebound.
3:42 of 1st overtime period - Brett Sutter wins face-off versus Austen Brassard in Marlies zone.
4:07 of 1st overtime period - Stefan Elliott is hit by Jarred Tinordi and loses puck.
4:32 of 1st overtime period - Slapshot by Tyler Brown.
4:32 of 1st overtime period - Shot Blocked by Matt Dumba.
4:34 of 1st overtime period - Slapshot by Matt Taormina.
4:34 of 1st overtime period - Shot Blocked by Scott Harrington.
4:53 of 1st overtime period - Slapshot by Mark Flood.
4:53 of 1st overtime period - Stopped by Scott Clemmensen with a rebound.
Goals for this period are 0 for Bears vs 0 for Marlies.
Shots for this period are 2 for Bears vs 2 for Marlies.

ShootOut


5:00 of 1st overtime period - Penalty Shot by Tyler Brown for Bears.
5:00 of 1st overtime period - Snap shot by Tyler Brown.
5:00 of 1st overtime period - Goal by Tyler Brown.
5:00 of 1st overtime period - Penalty Shot by Sheldon Brookbank for Marlies.
5:00 of 1st overtime period - Wrist shot by Sheldon Brookbank.
5:00 of 1st overtime period - Goal by Sheldon Brookbank.
5:00 of 1st overtime period - Penalty Shot by Patrice Cormier for Bears.
5:00 of 1st overtime period - Deke by Patrice Cormier.
5:00 of 1st overtime period - Shot Misses the Net.
5:00 of 1st overtime period - Penalty Shot by Colton Gillies for Marlies.
5:00 of 1st overtime period - Deke by Colton Gillies.
5:00 of 1st overtime period - Stopped by John Gibson.
5:00 of 1st overtime period - Penalty Shot by Maxime Macenauer for Bears.
5:00 of 1st overtime period - Snap shot by Maxime Macenauer.
5:00 of 1st overtime period - Stopped by Scott Clemmensen.
5:00 of 1st overtime period - Penalty Shot by Shane Prince for Marlies.
5:00 of 1st overtime period - Snap shot by Shane Prince.
5:00 of 1st overtime period - Stopped by John Gibson.
5:00 of 1st overtime period - Penalty Shot by David Dziurzynski for Bears.
5:00 of 1st overtime period - Snap shot by David Dziurzynski.
5:00 of 1st overtime period - Stopped by Scott Clemmensen.
5:00 of 1st overtime period - Penalty Shot by George Parros for Marlies.
5:00 of 1st overtime period - Snap shot by George Parros.
5:00 of 1st overtime period - Stopped by John Gibson.
5:00 of 1st overtime period - Penalty Shot by Kevin Henderson for Bears.
5:00 of 1st overtime period - Wrist shot by Kevin Henderson.
5:00 of 1st overtime period - Shot Misses the Net.
5:00 of 1st overtime period - Penalty Shot by Rich Clune for Marlies.
5:00 of 1st overtime period - Snap shot by Rich Clune.
5:00 of 1st overtime period - Goal by Rich Clune.


Output by the SimonT Hockey Simulator (STHS) for Eric Dolegowski -- Original Page W3C XHTML 1.0 Valid
Hockey Simulator - Hockey Simulation - Hockey Manager